 Dungeon Crawl Stone Soup version 0.23.2-1-ga50397a (webtiles) character file.

Game seed: 7697098138720436383

13799 goulibeur the Distorting Demonspawn (level 11, 0/87 HPs)
             Began as a Demonspawn Abyssal Knight on May 16, 2019.
             Was a Believer of Lugonu.
             Slain by a spiny frog (12 damage)
             ... on level 2 of the Lair of Beasts on May 17, 2019.
             The game lasted 02:20:35 (24128 turns).

goulibeur the Distorting Demonspawn (DsAK)         Turns: 24128, Time: 02:20:37

Health: 0/87       AC: 19    Str: 13    XL:     11   Next: 80%
Magic:  18/18      EV:  6    Int: 14    God:    Lugonu [**....]
Gold:   697        SH: 11    Dex: 15    Spells: 10/10 levels left

rFire    . . .     SeeInvis +   u - +3 flail (protect)
rCold    . . .     Gourm    +   x - +1 shield {AC+3}
rNeg     . . .     Faith    .   v - +0 plate armour
rPois    +         Spirit   .   s - +0 helmet
rElec    .         Reflect  .   J - scarf {repulsion}
rCorr    .         Harm     .   h - +0 pair of gloves
MR       .....                  r - +0 pair of boots
Stlth    ..........             d - amulet of the gourmand
HPRegen  0.24/turn              C - ring of see invisible
MPRegen  0.16/turn              w - ring of poison resistance

@: lethally poisoned (0 -> -10), repel missiles
A: talons 2, repulsion field 1, demonic guardian 1
a: Depart the Abyss, Bend Space, Renounce Religion


You were on level 2 of the Lair of Beasts.
You worshipped Lugonu.
Lugonu was pleased with you.
You were not hungry.

You visited 2 branches of the dungeon, and saw 14 of its levels.
You visited the Abyss 1 time.
You also visited: Ossuary.

You collected 857 gold pieces.
You spent 160 gold pieces at shops.

Inventory:

Hand Weapons
 u - a +3 flail of protection (weapon)
 F - a +0 long sword
 M - a cursed -1 war axe
Armour
 h - a +0 pair of gloves (worn)
 r - a +0 pair of boots (worn)
 s - a +0 helmet (worn)
 v - a +0 plate armour (worn)
 x - a +1 shield of protection (worn)
 J - a scarf of repulsion (worn)
Jewellery
 d - an amulet of the gourmand (around neck)
 k - a +5 ring of intelligence
 w - a ring of poison resistance (right hand)
 C - a ring of see invisible (left hand)
 H - an uncursed ring of fire {unknown}
 Q - an uncursed ring of positive energy {unknown}
Wands
 a - a wand of acid (5)
 y - a wand of random effects (45)
 B - a wand of iceblast (8)
 K - a wand of paralysis (5)
 P - a wand of enslavement (9)
 S - a wand of disintegration (10)
 V - a wand of flame (13)
Scrolls
 e - 3 scrolls of amnesia
 f - 3 scrolls of enchant armour
 l - 3 scrolls of magic mapping
 n - 5 scrolls of teleportation
 q - 4 scrolls of remove curse
 R - 3 scrolls of identify
 U - a scroll of silence {unknown}
 W - a scroll of enchant weapon
Potions
 g - 2 potions of flight
 i - a potion of berserk rage
 j - 4 potions of lignification
 o - 4 potions of curing
 p - a potion of brilliance
 z - 3 potions of magic
 E - 2 potions of agility
 G - a potion of mutation
 L - 2 potions of resistance
 N - a potion of ambrosia
 O - 2 potions of invisibility {unknown}
 T - 2 potions of cancellation {unknown}
Comestibles
 c - 30 rations


   Skills:
 * Level 8.7 Fighting
   Level 2.2(5.0) Short Blades
 * Level 7.0(7.2) Long Blades
 + Level 6.5 Armour
 + Level 6.1 Dodging
 + Level 7.1 Shields
 - Level 10.2 Invocations
 + Level 5.5 Evocations


You had 10 spell levels left.
You didn't know any spells.
Your spell library contained the following spells:

 Spells                   Type           Power        Failure   Level  Hunger
 Animate Skeleton         Necr           N/A          100%        1    ##.....
 Apportation              Tloc           #.....       100%        1    ##.....
 Confusing Touch          Hex            #.....       100%        1    ##.....
 Infusion                 Chrm           #...         100%        1    ##.....
 Summon Small Mammal      Summ           #...         100%        1    ##.....
 Shroud of Golubria       Chrm/Tloc      #.........   100%        2    ###....
 Song of Slaying          Chrm           #.......     100%        2    ###....
 Regeneration             Chrm/Necr      #.........   100%        3    ####...
 Spectral Weapon          Hex/Chrm       #.......     100%        3    ####...


Dungeon Overview and Level Annotations

Branches:
Dungeon (11/15)            Temple (0/1) D:5            Lair (3/6) D:11
  Swamp (0/4) Lair:2          Orc (0/2) D:10
  Snake: Lair:2-4    Spider: Lair:2-4

Altars:
Ashenzari
Elyvilon
Fedhas
Gozag
Hepliaklqana
Kikubaaqudgha
Makhleb
Nemelex Xobeh
Okawaru
Ru
Trog
Uskayaw
Xom
Yredelemnul
Zin
The Shining One

Shops:
D:7 *   D:11 **

Annotations:
D:10 3 runed translucent doors, Curus's ghost, journeyman HOBe
D:11 3 runed translucent doors, mopl's ghost, novice MiTm
Abyss:1 Erolcha; Sonja


Innate Abilities, Weirdness & Mutations

You have razor-sharp toenails.
You are surrounded by a mild repulsion field. (EV +2)
A weak demonic guardian rushes to your aid.


Message History

You hit the spiny frog.
The spiny frog is severely wounded.
You block the spiny frog's attack. The spiny frog stings you!
Your shield and plate armour prevent you from hitting the spiny frog.
The spiny frog is severely wounded.
You block the spiny frog's attack. The spiny frog stings you.
You barely miss the spiny frog.
The spiny frog is severely wounded.
The spiny frog stings you.
You barely miss the spiny frog.
The spiny frog is severely wounded.
You block the spiny frog's attack. The spiny frog stings you!
* * * LOW HITPOINT WARNING * * *
You are poisoned.
The spiny frog poisons you!
Your plate armour prevents you from hitting the spiny frog.
The spiny frog is severely wounded.
* * * LOW HITPOINT WARNING * * *
You feel sick. The spiny frog stings you!
You die...

## ####.###........####.#
# #..........P##### #.# #
##.............####### ##
##.............##.#
.####................###
...####................##
..####..................#
...#.#...........F......#
....###.........@.......##
....###..................#
........#................#
.......##.............#..#
.......♣##..........##..##
###...♣♣♣♣♣........##..##
..#..♣♣♣§§♣♣.....##.#...##
.#...♣§§§§§♣....###.#....#
.....♣♣§§§♣♣####.###.....#


You could see a spiny frog.

Vanquished Creatures
  A hydra (D:11)
  Pikel (D:9)
  A black mamba (Lair:2)
  3 spiny frogs
  A komodo dragon (Lair:2)
  A hippogriff (D:10)
  2 shadows (D:11)
  A wyvern (D:11)
  5 yaks
  Sigmund (D:2)
  A warg (D:10)
  A swamp worm (Lair:2)
  3 water moccasins
  Duvessa (D:6)
  2 porcupines
  An ice beast (D:6)
  2 sky beasts
  5 orc warriors
  2 black bears
  2 ogres (D:11)
  A phantom (D:5)
  5 centaurs
  4 crocodiles
  A big kobold (D:10)
  5 bullfrogs
  An elf zombie (Ossuary)
  Dowan (D:6)
  3 scorpions
  5 wights (D:7)
  A killer bee (D:8)
  5 crimson imps
  A bullfrog zombie (D:10)
  3 orc priests
  2 human zombies (Ossuary)
  2 centaur zombies
  4 hounds
  3 jellies
  10 orc wizards
  Crazy Yiuf (D:6)
  A bullfrog skeleton (D:11)
  A centaur skeleton (D:2)
  11 iguanas
  10 worker ants
  A hound skeleton (D:8)
  2 mummies (Ossuary)
  Robin (D:4)
  A worker ant zombie (D:10)
  15 gnolls
  A howler monkey zombie (D:6)
  19 adders
  2 shadow imps
  2 oozes (D:4)
  5 adder skeletons
  2 adder zombies
  3 worms
  3 dart slugs
  4 leopard geckos
  31 orcs
  2 ball pythons
  5 giant cockroaches
  14 goblins
  15 hobgoblins
  13 jackals
  10 kobolds
  7 quokkas
  5 bats
  8 frilled lizards
  3 goblin zombies (Ossuary)
  10 hobgoblin zombies (Ossuary)
  A jackal skeleton (D:5)
  A jackal zombie (D:7)
  4 kobold zombies (Ossuary)
  13 orc zombies (Ossuary)
  A quokka zombie (D:5)
  12 rats
  A rat zombie (Ossuary)
  A plant (D:11)
336 creatures vanquished.

Vanquished Creatures (collateral kills)
  A spiny frog (Lair:2)
  3 komodo dragons (Lair:2)
  A polar bear (Lair:2)
  3 yaks
  A basilisk (Lair:2)
  A steam dragon (D:8)
  A water moccasin (D:6)
  A sky beast (D:5)
  An ogre (D:6)
  A bullfrog (Lair:2)
  3 killer bees (D:8)
  An adder (D:8)
  3 orcs
  A hobgoblin zombie (Ossuary)
  A kobold zombie (Ossuary)
23 creatures vanquished.

Vanquished Creatures (others)
  A two-headed ogre (D:8)
  2 gargoyles
  A freezing wraith (D:9)
  A troll (D:10)
  3 komodo dragons
  3 tyrant leeches (Lair:2)
  A hippogriff (D:10)
  A wyvern (D:9)
  A wraith (D:10)
  A slave (D:9)
  2 basilisks (Lair:2)
  A swamp worm (Lair:2)
  A sky beast (D:9)
  An ogre (D:8)
  An orc priest (D:10)
  2 orc wizards
  An iguana (Lair:2)
  A worker ant zombie (D:6)
  An orc (D:9)
  A quokka (D:2)
  A rat (D:2)
  8 fungi
  5 plants (Lair:2)
41 creatures vanquished.

Grand Total: 400 creatures vanquished

Notes
Turn   | Place    | Note
-------+----------+-------------------------------------------
     0 | Abyss:1  | goulibeur the Demonspawn Abyssal Knight began the quest for
                  | the Orb.
     0 | Abyss:1  | Reached XP level 1. HP: 18/18 MP: 2/2
    47 | Abyss:1  | Found a corrupted altar of Lugonu.
    87 | Abyss:1  | Noticed a small abomination
    88 | D:1      | Escaped the Abyss
   145 | D:1      | Reached * piety under Lugonu
   145 | D:1      | Reached skill level 1 in Dodging
   253 | D:1      | Gained mutation: You are surrounded by a mild repulsion
                  | field. (EV +2) [demonic ancestry]
   253 | D:1      | Reached XP level 2. HP: 24/24 MP: 4/4
   385 | D:1      | Reached skill level 3 in Invocations
   999 | D:1      | Reached XP level 3. HP: 29/29 MP: 5/5
  2225 | D:2      | Noticed Sigmund
  2232 | D:2      | Reached ** piety under Lugonu
  2463 | D:3      | Gained mutation: A weak demonic guardian rushes to your
                  | aid. [demonic ancestry]
  2463 | D:3      | Reached XP level 4. HP: 21/35 MP: 6/6
  2523 | D:3      | Found a glowing golden altar of the Shining One.
  2822 | D:3      | Found an opulent altar of Gozag.
  2822 | D:3      | Found an iron altar of Okawaru.
  2822 | D:3      | Found a shimmering altar of Xom.
  2823 | D:3      | Found a blossoming altar of Fedhas.
  2823 | D:3      | Found a basalt altar of Yredelemnul.
  3023 | D:3      | Reached skill level 4 in Invocations
  3436 | D:3      | Reached XP level 5. HP: 15/41 MP: 8/8
  4090 | D:3      | Found a sparkling altar of Nemelex Xobeh.
  4091 | D:3      | Found a shattered altar of Ashenzari.
  4093 | D:3      | Found an ancient bone altar of Kikubaaqudgha.
  4098 | D:3      | Found a hide-covered altar of Uskayaw.
  4101 | D:3      | Found a sacrificial altar of Ru.
  4102 | D:3      | Found a glowing silver altar of Zin.
  4470 | D:4      | Reached skill level 5 in Invocations
  4663 | D:4      | Reached XP level 6. HP: 37/48 MP: 9/9
  4867 | D:4      | Found a burning altar of Makhleb.
  4867 | D:4      | Noticed a green death
  5246 | D:4      | Reached *** piety under Lugonu
  5312 | D:4      | Reached skill level 1 in Long Blades
  5409 | D:4      | Noticed Robin
  5438 | D:4      | Killed Robin
  5556 | D:5      | Entered Level 5 of the Dungeon
  5587 | D:5      | Found a staircase to the Ecumenical Temple.
  5632 | D:5      | Reached skill level 1 in Shields
  6189 | D:5      | Reached XP level 7. HP: 52/54 MP: 11/11
  6241 | D:5      | Reached skill level 6 in Invocations
  7066 | D:6      | Reached **** piety under Lugonu
  7353 | D:6      | Noticed Dowan
  7354 | D:6      | Noticed Duvessa
  7371 | D:6      | Reached skill level 7 in Invocations
  7427 | D:6      | Killed Duvessa
  7427 | D:6      | Reached XP level 8. HP: 24/61 MP: 13/13
  7441 | D:6      | Killed Dowan
  8616 | D:6      | Reached skill level 1 in Evocations
  8847 | D:6      | Found a runed translucent door.
  8848 | D:6      | Noticed Crazy Yiuf
  8901 | D:6      | Killed Crazy Yiuf
  9289 | D:2      | Reached skill level 8 in Invocations
  9409 | D:2      | Found a white marble altar of Elyvilon.
  9663 | D:2      | Killed Sigmund
  9663 | D:2      | Reached skill level 5 in Fighting
  9967 | D:7      | Found a hazy altar of Hepliaklqana.
 10233 | D:7      | Gained mutation: You have sharp toenails. [demonic
                  | ancestry]
 10233 | D:7      | Reached XP level 9. HP: 54/68 MP: 15/15
 10416 | D:7      | Found Ilybeuh's Assorted Antiques.
 10454 | D:7      | Bought a runed scarf for 160 gold pieces
 10858 | D:7      | Noticed a gargoyle
 10859 | D:7      | Banished a gargoyle
 11186 | D:8      | Found a sand-covered staircase.
 11194 | Ossuary  | Entered an ossuary
 11492 | Ossuary  | Reached ***** piety under Lugonu
 11642 | Ossuary  | Reached skill level 9 in Invocations
 12134 | D:8      | Noticed a two-headed ogre
 12137 | D:8      | Banished a two-headed ogre
 12137 | D:8      | Reached skill level 5 in Shields
 12978 | D:8      | Found a bloodstained altar of Trog.
 13024 | D:9      | Noticed Pikel
 13039 | D:9      | Noticed a freezing wraith
 13044 | D:9      | Banished a freezing wraith
 13390 | D:9      | HP: 3/69 [wyvern (9)]
 13392 | D:9      | Reached skill level 5 in Armour
 13832 | D:9      | Noticed Erolcha
 13855 | D:9      | Banished Erolcha
 13855 | D:9      | Reached XP level 10. HP: 50/76 MP: 12/17
 14058 | D:9      | Reached skill level 10 in Invocations
 14102 | D:9      | Killed Pikel
 14570 | D:10     | Entered Level 10 of the Dungeon
 14627 | D:10     | Found a runed translucent gate.
 14628 | D:10     | Found a runed translucent gate.
 15323 | D:10     | Found a staircase to the Orcish Mines.
 15668 | D:10     | Reached skill level 5 in Dodging
 16108 | D:10     | Reached skill level 5 in Long Blades
 16165 | D:10     | Found a runed translucent gate.
 16167 | D:10     | Noticed Curus's ghost (journeyman HOBe)
 16647 | D:11     | Found a staircase to the Lair.
 17004 | D:11     | Noticed a gargoyle
 17008 | D:11     | Banished a gargoyle
 17163 | D:11     | Found Pasche's Assorted Antiques.
 17216 | D:11     | Noticed a four-headed hydra
 17230 | D:11     | Killed a four-headed hydra
 17458 | D:11     | Noticed Sonja
 17459 | D:11     | Banished Sonja
 17459 | D:11     | Gained mutation: You have razor-sharp toenails. [demonic
                  | ancestry]
 17459 | D:11     | Reached XP level 11. HP: 84/84 MP: 18/18
 17725 | D:11     | Found a runed translucent gate.
 17725 | D:11     | Found a runed translucent gate.
 17725 | D:11     | Found a runed translucent gate.
 17726 | D:11     | Found an opulent altar of Gozag.
 17726 | D:11     | Found Jeustries's Assorted Antiques.
 17726 | D:11     | Noticed a purple ugly thing
 17726 | D:11     | Noticed a green ugly thing
 17726 | D:11     | Noticed mopl's ghost (novice MiTm)
 17780 | D:11     | Noticed an orb spider
 18362 | D:11     | Noticed a glowing orange brain
 18391 | Lair:1   | Entered Level 1 of the Lair of Beasts
 20247 | Lair:2   | Reached skill level 5 in Evocations
 22688 | Lair:2   | Found a staircase to the Swamp.
 24128 | Lair:2   | Slain by a spiny frog

Skill      XL: |  1  2  3  4  5  6  7  8  9 10 11 |
---------------+----------------------------------+-----
Dodging        | 1 2 3 4 5 6 |  6.1
Short Blades   | 2 |  2.2
Invocations    | 3 4 5 7 8 9 10 | 10.2
Armour         | 2 3 4 5 6 |  6.5
Long Blades    | 1 2 3 4 5 7 |  7.0
Shields        | 1 3 4 5 6 7 |  7.1
Fighting       | 4 5 7 8 |  8.7
Evocations     | 1 3 4 5 |  5.5

Action                   |  1- 3 |  4- 6 |  7- 9 | 10-12 || total
-------------------------+-------+-------+-------+-------++-------
Melee: Short sword       |   154 |   158 |       |       ||   312
       Flail             |       |   271 |   803 |   911 ||  1985
Invok: Depart the Abyss  |     1 |       |       |       ||     1
       Banish            |       |       |     9 |    20 ||    29
Evoke: Wand              |       |       |     1 |       ||     1
  Use: Scroll            |     5 |     2 |    24 |     1 ||    32
       Potion            |       |     2 |     4 |     2 ||     8
 Stab: Distracted        |       |       |     1 |     4 ||     5
  Eat: Chunk             |    13 |    16 |    28 |    36 ||    93
Armor: Leather armour    |     8 |       |       |       ||     8
       Ring mail         |     9 |       |       |       ||     9
       Chain mail        |    33 |    70 |       |       ||   103
       Plate armour      |       |   245 |   654 |   562 ||  1461
Dodge: Dodged            |    67 |   104 |   167 |   199 ||   537
       Deflected         |       |       |     2 |    11 ||    13
Block: Shield            |       |    84 |   444 |   590 ||  1118
